 Dungeon Crawl Stone Soup version 0.17-a0-1648-g0a089d4 (webtiles) character file.

366569 nubinia the Cloud Mage (level 22, -8/117 HPs)
             Began as a Tengu Air Elementalist on Aug 8, 2015.
             Was the Champion of Vehumet.
             Mangled by a deep troll (21 damage)
             ... on level 3 of the Depths on Aug 12, 2015.
             The game lasted 12:39:12 (86373 turns).

nubinia the Cloud Mage (Tengu Air Elementalist)    Turns: 86373, Time: 12:39:12

Health: -8/117     AC: 18    Str: 13    XL:     22   Next: 56%
Magic:  0/55       EV: 14    Int: 25    God:    Vehumet [******]
Gold:   2038       SH: 16    Dex: 17    Spells: 14 memorised, 5 levels left

rFire  + + +     SeeInvis .     a - +9 dagger (protect)
rCold  + + .     Clarity  .     Z - +3 leather armour "Fomaurus" {rF+ rC+ Regen+}
rNeg   + . .     SustAt   .     L - +5 shield {rC+ rF+}
rPois  .         Gourm    +     t - +2 hat {Spirit}
rElec  .         Spirit   +     D - +0 cloak of Juoti {rF++ rCorr Str+3 Int-2}
rCorr  +         Warding  .     u - +2 pair of gloves
rMut   .         Stasis   .     (boots unavailable)
MR     +....                    g - amulet of the gourmand
Stlth  ++++++....               O - ring of magical power
                                K - ring "Cuotwoecs" {rN+ Int+5 Stlth+}

@: lethally poisoned (-8 -> -13), swift, delayed fireball, repel missiles, very
quick, somewhat resistant to hostile enchantments, very stealthy
A: beak, talons 3, able to fly 2
a: Fly, Renounce Religion, Release Delayed Fireball
}: 2/15 runes: barnacled, gossamer


You were on level 3 of the Depths.
You worshipped Vehumet.
Vehumet was exalted by your worship.
You were very full.

You visited 8 branches of the dungeon, and saw 43 of its levels.
You visited 1 bazaar.
You also visited: Labyrinth, Bailey and Ice Cave.

You collected 5084 gold pieces.
You spent 3046 gold pieces at shops.

Inventory:

Hand weapons
 a - a +9 dagger of protection (weapon)
 j - the +2 rapier of Wrongful Imprisonment {freeze, rF+ Stlth+}
   (You bought it in a shop in a bazaar)

   It has been specially enchanted to freeze those struck by it, causing extra
   injury to most foes and up to half again as much damage against particularly
   susceptible opponents.
   It can also slow down cold-blooded creatures.
   It protects you from fire.
   It makes you more stealthy.
Armour
 l - a +2 hat of intelligence
 r - a +3 leather armour of magic resistance
 t - a +2 hat of spirit shield (worn)
 u - a +2 pair of gloves (worn)
 D - the +0 cloak of Juoti (worn) {rF++ rCorr Str+3 Int-2}
   (You bought it in a shop on level 5 of the Dungeon)

   It affects your strength (+3).
   It affects your intelligence (-2).
   It greatly protects you from fire.
   It protects you from acid and corrosion.
 L - a +5 shield of resistance (worn)
 Z - the +3 leather armour "Fomaurus" (worn) {rF+ rC+ Regen+}
   (You found it on level 14 of the Dungeon)

   It protects you from fire.
   It protects you from cold.
   It increases your rate of regeneration.
Magical staves
 b - an uncursed staff of air
 w - an uncursed staff of wizardry
Jewellery
 c - an uncursed amulet of clarity
 g - an amulet of the gourmand (around neck)
 i - an uncursed ring of fire
 s - an uncursed amulet of stasis
 K - the ring "Cuotwoecs" (left hand) {rN+ Int+5 Stlth+}
   (You found it on level 6 of the Dungeon)

   [ring of intelligence]

   It affects your intelligence (+5).
   It protects you from negative energy.
   It makes you more stealthy.
 O - a ring of magical power (right hand)
Magical devices
 k - a wand of lightning (0)
 S - a wand of fire (13)
 T - a wand of digging (6)
 V - a wand of lightning (0)
 W - a wand of lightning (11)
 X - a wand of cold (1)
Scrolls
 e - 3 scrolls of magic mapping
 m - 11 scrolls of recharging
 p - 2 scrolls of summoning
 v - 14 scrolls of remove curse
 y - 7 scrolls of teleportation
 z - a scroll of holy word
 A - 6 scrolls of fog
 E - 13 scrolls of identify
 I - 4 scrolls of fear
Potions
 d - 7 potions of might
 f - 3 potions of haste
 q - 4 potions of brilliance
 x - a potion of berserk rage
 B - 3 potions of agility
 C - 3 potions of heal wounds
 G - 4 potions of magic
 M - 4 potions of cancellation
 P - 2 potions of resistance
 Q - 10 potions of curing
Books
 o - a book of Conjurations

   Spells                             Type                      Level
   a - Magic Dart                     Conjuration                  1
   b - Searing Ray                    Conjuration                  2
   c - Dazzling Spray                 Conjuration/Hexes            3
   d - Fulminant Prism                Conjuration/Hexes            4
   e - Iskenderun's Mystic Blast      Conjuration                  4
   f - Iskenderun's Battlesphere      Conjuration/Charms           5
 F - a book of Summonings

   Spells                             Type                      Level
   a - Recall                         Summoning/Translocation      3
   b - Aura of Abjuration             Summoning                    5
   c - Shadow Creatures               Summoning                    5
   d - Summon Demon                   Summoning                    5
   e - Summon Forest                  Summoning/Translocation      5
   f - Summon Mana Viper              Hexes/Summoning              5
 H - a book of Fire

   Spells                             Type                      Level
   a - Ignite Poison                  Fire/Transmutation/Poison    3
   b - Fireball                       Conjuration/Fire             5
   c - Bolt of Fire                   Conjuration/Fire             6
   d - Delayed Fireball               Conjuration/Fire             7
   e - Ring of Flames                 Charms/Fire                  7
 J - a book of Spatial Translocations

   Spells                             Type                      Level
   a - Apportation                    Translocation                1
   b - Blink                          Translocation                2
   c - Shroud of Golubria             Charms/Translocation         2
   d - Portal Projectile              Translocation                3
   e - Teleport Other                 Translocation                3
   f - Passage of Golubria            Translocation                4
Miscellaneous
 h - a lantern of shadows
 n - 2 phantom mirrors
 Y - a lamp of fire
Comestibles
 R - 25 bread rations


   Skills:
 + Level 6.0 Fighting
 + Level 5.9 Short Blades
   Level 0.2 Maces & Flails
 + Level 1.5 Throwing
 + Level 5.2 Armour
 + Level 11.4 Dodging
 + Level 11.0 Stealth
 + Level 8.7 Shields
 + Level 19.4 Spellcasting
 + Level 18.4 Conjurations
 + Level 3.3 Charms
 - Level 9.0 Summonings
   Level 5.5 Necromancy
 + Level 1.2 Translocations
 + Level 10.0 Fire Magic
 + Level 23.1 Air Magic
 - Level 2.0 Poison Magic
 + Level 3.1 Evocations


You had 5 spell levels left.
You knew the following spells:

 Your Spells              Type           Power        Failure   Level  Hunger
a - Shock                 Conj/Air       ####         0%          1    None
b - Airstrike             Air            #######...   0%          4    None
c - Mephitic Cloud        Conj/Pois/Air  #######.     1%          3    None
d - Delayed Fireball      Conj/Fire      N/A          4%          7    #####..
e - Tornado               Air            #######...   12%         9    #######
f - Force Lance           Conj/Tloc      ######..     1%          4    None
g - Shroud of Golubria    Chrm/Tloc      #####.....   3%          2    None
h - Conjure Ball Lightni  Conj/Air       #######...   1%          6    ###....
i - Summon Lightning Spi  Summ/Air       #######.     1%          4    None
j - Fireball              Conj/Fire      #######...   1%          5    None
k - Iskenderun's Battles  Conj/Chrm      ######..     1%          5    None
l - Shadow Creatures      Summ           N/A          4%          5    None
m - Swiftness             Chrm/Air       ######..     1%          2    None
r - Repel Missiles        Chrm/Air       ######       1%          2    None


Dungeon Overview and Level Annotations

Branches:
Dungeon (15/15)            Temple (0/1) D:5            Lair (8/8) D:9
 Shoals (4/4) Lair:6       Spider (4/4) Lair:6        Slime (0/6) Lair:8
    Orc (4/4) D:12            Elf (1/3) Orc:4        Vaults (4/5) D:14
  Crypt (0/3) Vaults:2     Depths (3/5) D:15

Altars:
Cheibriados
Gozag
Makhleb
Qazlal
Ru
Trog
Vehumet
Xom
The Shining One
Jiyva

Shops:
D:5 [[[   D:8 ?   D:13 !   D:15 *   Orc:2 *%   Orc:4 !(}([   Shoals:1 *

Portals:
Hell: Depths:1 Depths:2 Depths:3
Abyss: Depths:1 Depths:2

Annotations:
D:4 Dowan; Duvessa
D:5 bohran's ghost, average DEEE


Innate Abilities, Weirdness & Mutations

You have a beak for a mouth.
You have claws for feet.
You can fly continuously.


Message History

You feel sick.
The jumping spider pounces on your battlesphere!
The jumping spider bites your battlesphere.
A yaktaur comes into view.
You feel sick.
The deep troll shaman seems less confused.
The deep troll shaman calls upon its god to speed up the deep troll shaman.
The deep troll shaman seems to speed up.
You swap places.
You feel sick.
The jumping spider leaps!
You block the deep troll's attack. x2
The deep troll claws you!
* * * LOW HITPOINT WARNING * * *
The deep troll shaman calls upon its god to speed up the deep troll shaman.
The deep troll shaman seems to speed up.
There is an escape hatch in the ceiling, spattered with blood here.
You feel sick.
The deep troll shaman calls upon its god to strengthen the deep troll shaman.
The deep troll shaman seems to grow stronger.
You block the deep troll's attack. The deep troll claws you!!
You die...

..... ...........###......<#
...p...... #........##........#
.........# #.)......###..#..##
.........####.........#..##...#
.........##.............#######
..........#T*†..#|.....@...#....#
..##....#......s...#....#
#..)(.#..............#
..C.....####............#
.#../.... ###......... ####.....
#......... #....## ##..##....
###... #.## .... ##.#


You could see an ice dragon, a deep troll, 2 deep troll shamans, a yaktaur, a
jumping spider and a redback (confused).

Vanquished Creatures
  A shard shrike (shapeshifter) (D:15)
  Saint Roka (Depths:1)
  A caustic shrike (Depths:2)
  Nikola (Depths:1)
  Jorgrun (Spider:2)
  An Ice Fiend (IceCv)
  Rupert (Lair:4)
  A lich (Depths:2)
  3 octopode crushers
  A storm dragon (Vaults:4)
  A shadow dragon (Depths:2)
  2 tengu reavers (Depths:1)
  Ilsuiw (Shoals:4)
  3 vault wardens
  Aizul (Shoals:4)
  2 frost giants
  2 fire giants (Depths:2)
  A spriggan defender (Depths:2)
  6 emperor scorpions
  6 ghost moths
  4 ironheart preservers
  7 very ugly things
  The ghost of Chiseanne the Champion of Chaos, a powerful DsFi of Makhleb (Lair:3)
  20 stone giants
  A vampire knight (Vaults:2)
  A deep elf demonologist (Elf:1)
  Azrael (Spider:2)
  A salamander stormcaller (Vaults:2)
  5 merfolk javelineers
  8 vault guards
  Snorg (Orc:1)
  A minotaur (Lab)
  A crystal guardian (Vaults:4)
  5 fire dragons
  6 merfolk impalers
  3 ettins
  2 great orbs of eyes (Depths:2)
  Josephine (Orc:3)
  A deep elf high priest (Depths:2)
  2 jiangshi
  A spriggan air mage (Depths:2)
  8 yaktaur captains
  10 entropy weavers
  8 centaur warriors
  2 rakshasas (D:15)
  3 hydras
  6 ice dragons
  6 ogre magi
  4 merfolk aquamancers
  3 merfolk avatars
  3 alligator snapping turtles
  Erolcha (D:8)
  A catoblepas (Shoals:2)
  10 tengu warriors
  3 dancing weapons (Elf:1)
  3 vampire magi
  17 death yaks
  2 deep troll shamans
  A satyr (Shoals:4)
  6 deep troll earth magi
  2 orc high priests (Orc:4)
  2 spriggan berserkers
  A titan zombie (Vaults:4)
  4 hell knights
  Nergalle (D:11)
  An iron troll (Depths:2)
  3 wizards
  7 deep elf knights
  A sun demon (D:15)
  12 sea snakes
  12 deep trolls
  2 ice devils
  4 unseen horrors
  A shadow wraith (Vaults:3)
  2 flayed ghosts
  5 hill giants
  An ice statue (IceCv)
  9 ironbrand convokers
  3 deep elf summoners (Elf:1)
  Pikel (D:8)
  7 harpies
  A tengu zombie (Vaults:4)
  2 necromancers
  8 cyclopes
  44 ugly things
  A deep elf conjurer (Elf:1)
  A mana viper (shapeshifter) (Depths:1)
  An iron dragon zombie (Depths:2)
  A harpy (shapeshifter) (Vaults:3)
  An oklob plant (Lair:5)
  A human zombie (Vaults:1)
  11 orb spiders
  An orb spider (shapeshifter) (Vaults:2)
  8 orc sorcerers
  6 hornets
  12 orc knights
  A tengu skeleton (Vaults:4)
  A frost giant zombie (Vaults:4)
  A cyclops (shapeshifter) (Elf:1)
  12 griffons
  5 fauns (Shoals:3)
  8 manticores
  A sphinx skeleton (Vaults:1)
  A moth of wrath (Spider:4)
  5 water nymphs
  13 wolf spiders
  8 vault sentinels
  4 black mambas
  Maurice (D:8)
  10 sirens
  9 elephants
  25 spiny frogs
  An octopode (shapeshifter) (Depths:2)
  2 gargoyles (D:14)
  A torpor snail (Spider:3)
  Psyche (D:9)
  An anaconda simulacrum (IceCv)
  A spiny frog (shapeshifter) (Vaults:4)
  15 demonic crawlers
  A yaktaur (shapeshifter) (Vaults:2)
  3 kobold demonologists
  15 komodo dragons
  4 tengu conjurers
  38 yaktaurs
  3 deep elf priests (Elf:1)
  A spriggan druid (Lair:8)
  6 trolls
  9 polar bears
  3 freezing wraiths
  25 merfolk
  A yaktaur skeleton (Vaults:4)
  A wind drake (Shoals:4)
  8 jumping spiders
  18 slime creatures
  Grinder (D:4)
  A blink frog (shapeshifter) (Vaults:2)
  A blue devil (IceCv)
  31 blink frogs
  12 two-headed ogres
  3 boulder beetles
  2 fire giant simulacra (Depths:2)
  13 snapping turtles
  11 trapdoor spiders
  29 redbacks
  3 vampires (Vaults:2)
  A frost giant simulacrum (Depths:2)
  13 spriggans
  9 water elementals
  12 deep elf magi
  27 yaks
  19 hippogriffs
  11 tarantellas
  2 air elementals (Depths:2)
  2 fire elementals (Spider:2)
  5 wraiths (Orc:3)
  3 wyverns
  3 basilisks
  2 hogs (D:8)
  19 vampire mosquitoes
  2 humans
  A hungry ghost (D:12)
  23 wargs
  5 deep elf fighters
  2 mottled dragons
  A hippogriff (shapeshifter) (Vaults:1)
  A human (shapeshifter) (D:15)
  28 wolves
  2 human simulacra (Vaults:2)
  Edmund (D:4)
  4 soldier ants
  A death yak simulacrum (IceCv)
  6 harpy simulacra (IceCv)
  16 porcupines
  2 hydra simulacra (IceCv)
  3 hell hounds (Spider:2)
  4 ice beasts
  23 water moccasins
  7 wasps
  An eye of draining (shapeshifter) (D:15)
  An alligator simulacrum (IceCv)
  An ettin simulacrum (IceCv)
  45 orc warriors
  A sky beast (shapeshifter) (Depths:2)
  16 spiders
  41 ogres
  3 sky beasts
  2 slaves (D:8)
  6 black bears
  6 phantoms
  19 centaurs
  A human skeleton (Vaults:4)
  A boggart (shapeshifter) (D:15)
  23 boggarts
  21 crocodiles
  The ghost of bohran the Magician, an average DEEE (D:6)
  26 giant frogs
  3 big kobolds
  A wyvern zombie (D:6)
  A gnoll sergeant (D:7)
  5 scorpions
  A water moccasin skeleton (D:10)
  An elephant simulacrum (IceCv)
  6 killer bees (D:14)
  7 wights
  5 centaur zombies
  5 electric eels
  11 crimson imps
  A draconian simulacrum (IceCv)
  38 orc priests
  A wasp zombie (D:6)
  3 giant frog zombies
  2 jellies (D:6)
  Crazy Yiuf (D:3)
  A giant frog skeleton (D:6)
  Ijyb (D:3)
  4 hounds
  6 centaur skeletons
  A troll simulacrum (IceCv)
  8 iguanas
  46 orc wizards
  8 worker ants
  7 hell rats (Lair:8)
  44 sheep
  A spriggan simulacrum (IceCv)
  2 killer bee zombies
  4 hound zombies (D:6)
  3 centaur simulacra
  Robin (D:3)
  9 gnolls
  5 worker ant zombies
  17 adders
  55 river rats
  5 shadow imps
  8 white imps
  2 oozes
  3 ufetubi (IceCv)
  An adder skeleton (D:6)
  An adder zombie (D:6)
  5 worms
  11 giant geckos
  278 orcs
  6 ball pythons
  12 giant cockroaches
  12 hobgoblins
  4 jackals
  8 quokkas
  7 bats
  3 giant gecko skeletons
  2 giant gecko zombies (D:6)
  4 giant newts
  14 goblins
  2 jackal skeletons (D:5)
  31 kobolds
  A quokka skeleton (D:6)
  4 quokka zombies
  6 rats
  A butterfly (D:7)
  2 crawling corpses (Vaults:4)
  13 fungi
  43 plants
2036 creatures vanquished.

Vanquished Creatures (collateral kills)
  Polyphemus (Shoals:2)
  A frost giant (Vaults:1)
  A vault warden (Vaults:3)
  2 emperor scorpions
  4 ironheart preservers
  A spriggan defender (Depths:2)
  A stone giant (D:15)
  A deep elf annihilator (Depths:2)
  An ettin (Vaults:3)
  4 merfolk javelineers (Shoals:4)
  A fire dragon (Depths:2)
  4 merfolk impalers
  3 vault guards
  A yaktaur captain (Vaults:3)
  A hydra (D:14)
  4 ogre magi
  2 satyrs (Shoals:3)
  2 merfolk avatars
  An alligator snapping turtle (Shoals:4)
  A queen ant (Spider:4)
  A death yak (Shoals:2)
  A deep troll shaman (Depths:2)
  A deep troll earth mage (Depths:1)
  A hell knight (Depths:1)
  A fire crab (Vaults:1)
  A deep elf knight (Elf:1)
  7 sea snakes
  4 ice devils (IceCv)
  5 deep trolls
  A deep elf summoner (Elf:1)
  2 harpies
  5 orb spiders
  3 orc knights
  16 wolf spiders
  A human zombie (Vaults:1)
  An ironbrand convoker (Vaults:1)
  A deep elf conjurer (Elf:1)
  3 necromancers
  12 ugly things
  An oklob plant (Shoals:2)
  5 manticores
  4 griffons
  4 water nymphs
  3 cyclopes
  6 fauns
  A moth of wrath (Spider:3)
  A frost giant skeleton (Vaults:1)
  3 vault sentinels
  4 sirens
  11 ball lightnings
  An anaconda simulacrum (IceCv)
  3 freezing wraiths (IceCv)
  3 deep elf priests
  12 jumping spiders
  16 merfolk
  A blue devil (IceCv)
  A troll (D:14)
  4 yaktaurs
  A polar bear (Lair:8)
  7 two-headed ogres
  4 slime creatures
  5 snapping turtles
  A boulder beetle (Vaults:2)
  A trapdoor spider (shapeshifter) (Elf:1)
  10 trapdoor spiders
  2 water elementals
  24 redbacks
  4 deep elf fighters (Elf:1)
  15 tarantellas
  A basilisk (shapeshifter) (Vaults:3)
  13 soldier ants (Spider:4)
  An iron troll simulacrum (IceCv)
  2 hydra simulacra (IceCv)
  A harpy simulacrum (IceCv)
  3 orc warriors
  A black bear (Lair:8)
  21 spiders
  2 boggarts (Vaults:1)
  8 ogres
  A brain worm (D:14)
  A centaur (D:13)
  2 giant frogs
  A scorpion (Spider:2)
  3 killer bees (D:14)
  2 wights (D:14)
  2 crimson imps
  An orc wizard (Vaults:3)
  A draconian simulacrum (IceCv)
  16 worker ants
  2 troll simulacra (IceCv)
  2 centaur simulacra
  A river rat (Lair:2)
  3 white imps
  2 ufetubi (IceCv)
  An orc (D:15)
  A crawling corpse (Elf:1)
  2 plants
359 creatures vanquished.

Vanquished Creatures (others)
  A stone giant (Depths:1)
  An orc high priest (Orc:4)
  3 necromancers (Depths:1)
  695 ball lightnings
  2 redbacks
  A soldier ant (Spider:4)
  A spider (Spider:1)
  A slave (D:8)
  An orc wizard (Orc:4)
  An orc (D:8)
  68 fungi
  60 plants
835 creatures vanquished.

Grand Total: 3230 creatures vanquished

Notes
Turn   | Place    | Note
--------------------------------------------------------------
     0 | D:1      | nubinia the Tengu Air Elementalist began the quest for the Orb.
     0 | D:1      | Reached XP level 1. HP: 10/10 MP: 4/4
   323 | D:1      | Reached XP level 2. HP: 15/15 MP: 1/6
   372 | D:1      | Learned a level 2 spell: Repel Missiles
   436 | D:1      | Learned a level 2 spell: Swiftness
   811 | D:1      | Reached XP level 3. HP: 19/19 MP: 3/7
  1710 | D:2      | Reached XP level 4. HP: 24/24 MP: 6/8
  1715 | D:2      | Learned a level 3 spell: Static Discharge
  1824 | D:2      | Reached skill level 5 in Air Magic
  2556 | D:3      | Gained mutation: You can fly. [Tengu growth]
  2556 | D:3      | Reached XP level 5. HP: 28/28 MP: 7/10
  2562 | D:3      | Noticed Robin
  2587 | D:3      | Killed Robin
  3210 | D:3      | Noticed Crazy Yiuf
  3274 | D:3      | Killed Crazy Yiuf
  3917 | D:3      | Reached XP level 6. HP: 33/33 MP: 7/12
  4179 | D:3      | Noticed Ijyb
  4197 | D:3      | Killed Ijyb
  4532 | D:4      | Reached skill level 6 in Air Magic
  4690 | D:4      | Noticed Edmund
  4708 | D:4      | Got a pitted leather armour
  4719 | D:4      | Identified the cursed +1 leather armour of Mofoinaxt {MR+ SInv} (You found it on level 4 of the Dungeon)
  4852 | D:4      | Reached XP level 7. HP: 37/37 MP: 8/13
  4950 | D:4      | Found a burning altar of Makhleb.
  4955 | D:4      | Found a radiant altar of Vehumet.
  4961 | D:4      | Became a worshipper of Vehumet
  4983 | D:4      | Noticed Dowan
  5101 | D:4      | Noticed Duvessa
  5254 | D:4      | Noticed Grinder
  5378 | D:5      | Entered Level 5 of the Dungeon
  5440 | D:5      | Reached skill level 5 in Conjurations
  5467 | D:5      | Noticed bohran's ghost (average DEEE)
  5572 | D:5      | Reached skill level 1 in Armour
  5751 | D:5      | Reached skill level 7 in Air Magic
  5791 | D:5      | Found Rent's Antique Armour Boutique.
  5817 | D:5      | Reached XP level 8. HP: 39/42 MP: 2/15
  6271 | D:5      | Found a staircase to the Ecumenical Temple.
  6271 | D:5      | Found Xumot's Antique Armour Shop.
  6273 | D:5      | Found Qyrchyteebb's Armour Shop.
  6277 | D:5      | Bought a steaming cloak for 237 gold pieces
  6287 | D:5      | Identified the cursed +0 cloak of Juoti {rF++ rCorr Str+3 Int-2} (You bought it in a shop on level 5 of the Dungeon)
  6302 | D:5      | Learned a level 5 spell: Lightning Bolt
  6337 | D:6      | Acquired Vehumet's first power
  6337 | D:6      | Offered knowledge of Freeze by Vehumet.
  6337 | D:6      | Reached skill level 5 in Spellcasting
  6404 | D:6      | Reached skill level 8 in Air Magic
  6691 | D:6      | Found a snail-covered altar of Cheibriados.
  6694 | D:6      | Found a bloodstained altar of Trog.
  6723 | D:6      | Found an opulent altar of Gozag.
  6988 | D:6      | Offered knowledge of Throw Frost by Vehumet.
  7066 | D:7      | Reached XP level 9. HP: 46/46 MP: 9/18
  7158 | D:7      | Found a shimmering altar of Xom.
  7536 | D:7      | Reached skill level 9 in Air Magic
  8317 | D:8      | Found a glowing golden altar of the Shining One.
  8319 | D:8      | Noticed Pikel
  8591 | D:6      | Killed bohran's ghost
  8596 | D:6      | Offered knowledge of Inner Flame by Vehumet.
  8778 | D:6      | Acquired Vehumet's second power
  8838 | D:6      | Got a scorched golden ring
  8840 | D:6      | Identified the ring "Cuotwoecs" {rN+ Int+5 Stlth+} (You found it on level 6 of the Dungeon)
  8923 | D:6      | Reached skill level 10 in Air Magic
  8978 | D:6      | Offered knowledge of Mephitic Cloud by Vehumet.
  8983 | D:6      | Learned a level 3 spell: Mephitic Cloud
  9359 | D:4      | Killed Edmund
  9480 | D:4      | Killed Grinder
  9526 | D:4      | Reached XP level 10. HP: 51/51 MP: 10/21
  9804 | D:8      | Noticed Maurice
  9815 | D:8      | Killed Pikel
  9815 | D:8      | Reached skill level 1 in Fighting
  9828 | D:8      | Killed Maurice
  9855 | D:8      | Found Ahucesun's Magic Scroll Emporium.
  9866 | D:8      | Reached skill level 1 in Poison Magic
 10140 | D:8      | Bought a scroll of identify for 20 gold pieces
 10209 | D:8      | Noticed Erolcha
 10224 | D:8      | Acquired Vehumet's third power
 10320 | D:8      | Killed Erolcha
 10516 | D:8      | Reached skill level 11 in Air Magic
 10610 | D:8      | Offered knowledge of Bolt of Draining by Vehumet.
 10617 | D:8      | Learned a level 5 spell: Bolt of Draining
 10631 | D:8      | Upgraded the game from 0.17-a0-1642-gd4b747b to 0.17-a0-1646-geb1493d
 10717 | D:8      | Reached skill level 10 in Conjurations
 11190 | D:9      | Reached skill level 1 in Charms
 11247 | D:9      | Reached XP level 11. HP: 51/57 MP: 19/24
 11311 | D:9      | Found a staircase to the Lair.
 11332 | D:9      | Noticed Psyche
 11344 | D:9      | Killed Psyche
 12182 | Lair:1   | Entered Level 1 of the Lair of Beasts
 12461 | Lair:1   | Reached skill level 12 in Air Magic
 12525 | Lair:1   | Offered knowledge of Airstrike by Vehumet.
 12531 | Lair:1   | Learned a level 4 spell: Airstrike
 13133 | Lair:1   | Reached skill level 5 in Stealth
 14289 | Lair:2   | Reached skill level 5 in Dodging
 14560 | Lair:2   | Reached skill level 1 in Shields
 15571 | Lair:2   | Reached XP level 12. HP: 62/62 MP: 20/26
 15655 | Lair:3   | Noticed Chiseanne's ghost (powerful DsFi)
 15786 | Lair:3   | Offered knowledge of Conjure Ball Lightning by Vehumet.
 15910 | Lair:3   | Reached skill level 13 in Air Magic
 15933 | Lair:3   | Noticed a four-headed hydra
 16554 | Lair:3   | Reached skill level 10 in Spellcasting
 17229 | Lair:4   | Learned a level 6 spell: Conjure Ball Lightning
 17468 | Lair:4   | Noticed Rupert
 17473 | Lair:4   | Reached skill level 1 in Short Blades
 17559 | Lair:4   | Paralysed by Rupert for 5 turns
 17814 | Lair:4   | Killed Rupert
 17814 | Lair:4   | Reached skill level 1 in Evocations
 18688 | Lair:5   | Reached skill level 14 in Air Magic
 19330 | Lair:5   | Reached XP level 13. HP: 61/68 MP: 27/29
 19925 | Lair:5   | Offered knowledge of Poison Arrow by Vehumet.
 21349 | Lair:6   | Found a staircase to the Shoals.
 22466 | Lair:6   | Found a hole to the Spider Nest.
 22692 | Lair:6   | Reached skill level 15 in Air Magic
 24132 | Lair:7   | HP: 3/68 [poisoned by a spiny frog]
 24651 | Lair:7   | Offered knowledge of Delayed Fireball by Vehumet.
 24887 | Lair:7   | Learned a level 7 spell: Delayed Fireball
 25612 | Lair:8   | Entered Level 8 of the Lair of Beasts
 25736 | Lair:7   | Reached skill level 1 in Fire Magic
 26691 | Lair:6   | Gained mutation: You can fly continuously. [Tengu growth]
 26691 | Lair:6   | Reached XP level 14. HP: 74/74 MP: 12/31
 27052 | Lair:6   | Reached skill level 5 in Fire Magic
 29267 | Lair:7   | Offered knowledge of Bolt of Fire by Vehumet.
 29267 | Lair:7   | Reached skill level 1 in Necromancy
 29311 | Lair:7   | Learned a level 6 spell: Bolt of Fire
 29569 | Lair:8   | Got an encrusted battleaxe
 29583 | Lair:8   | Reached skill level 5 in Shields
 30469 | D:10     | Entered Level 10 of the Dungeon
 30566 | D:10     | Found a flagged portal.
 30578 | D:10     | Identified a scroll of acquirement
 30579 | D:10     | Got a dazzling shield
 30590 | D:10     | Identified the +2 shield of the Exiled Tales {Str+3} (You acquired it on level 10 of the Dungeon)
 30592 | Bailey   | Entered a bailey
 30706 | Bailey   | Got a polished flail
 30707 | Bailey   | Identified the +3 flail of Distraction {crush, +Rage +Inv rF- Str+3} (You found it in a bailey)
 30803 | Bailey   | Offered knowledge of Ozocubu's Refrigeration by Vehumet.
 31534 | D:10     | Reached skill level 16 in Air Magic
 31820 | D:11     | Noticed Nergalle
 31824 | D:11     | Killed Nergalle
 32268 | D:11     | Found a stormy altar of Qazlal.
 32767 | D:12     | Found a labyrinth entrance.
 32771 | Lab      | Entered a labyrinth
 33190 | Lab      | Got a transparent whip
 33190 | Lab      | Got a scorched leather armour
 33191 | Lab      | Identified the +5 whip "Hiniaruom" {slash, Stlth+} (You found it in a labyrinth)
 33202 | Lab      | Identified the +1 leather armour "Mittow" {rElec} (You found it in a labyrinth)
 34136 | D:12     | Reached XP level 15. HP: 67/78 MP: 24/32
 34150 | D:12     | Found a staircase to the Orcish Mines.
 35499 | Orc:1    | Entered Level 1 of the Orcish Mines
 35950 | Orc:1    | Found a shimmering altar of Xom.
 36030 | Orc:1    | Noticed Snorg
 36046 | Orc:1    | Killed Snorg
 36053 | Orc:1    | Offered knowledge of Orb of Destruction by Vehumet.
 36303 | Orc:2    | Found Tokkapt's General Store.
 36595 | Orc:2    | Found Huyf's Food Shop.
 38276 | Orc:3    | Noticed Josephine
 38284 | Orc:3    | Killed Josephine
 38591 | Orc:4    | Entered Level 4 of the Orcish Mines
 38732 | Orc:4    | Found Regad's Distillery.
 39212 | Orc:4    | Reached skill level 1 in Throwing
 39455 | Orc:4    | Found Daliumol's Weapon Shop.
 39455 | Orc:4    | Found Weivurum's Gadget Shoppe.
 39457 | Orc:4    | Found Diutwosi's Weapon Shop.
 39457 | Orc:4    | Found Lepewane's Antique Armour Shoppe.
 39466 | Orc:4    | Bought a glowing hat for 116 gold pieces
 39466 | Orc:4    | Bought a heavy robe for 165 gold pieces
 39466 | Orc:4    | Bought a pair of scorched gloves for 275 gold pieces
 39481 | Orc:4    | Identified the +2 robe of Impatience {+Inv rElec rF+ Stlth+} (You bought it in a shop on level 4 of the Orcish Mines)
 39491 | Orc:4    | Identified the -4 pair of gloves of the Volcano {Regen+} (You bought it in a shop on level 4 of the Orcish Mines)
 39858 | Orc:4    | Found a staircase to the Elven Halls.
 40234 | Lair:3   | Killed Chiseanne's ghost
 40514 | Lair:8   | Offered knowledge of Lehudib's Crystal Spear by Vehumet.
 40514 | Lair:8   | Offered knowledge of Chain Lightning by Vehumet.
 40514 | Lair:8   | Offered knowledge of Tornado by Vehumet.
 41491 | Lair:8   | Found a viscous altar of Jiyva.
 41492 | Lair:8   | Found a staircase to the Slime Pits.
 42462 | Lair:8   | Reached XP level 16. HP: 78/84 MP: 12/34
 42639 | Shoals:1 | Entered Level 1 of the Shoals
 42831 | Shoals:1 | Found Zeli Ido's Assorted Antiques.
 42851 | Shoals:1 | Bought a papyrus book for 300 gold pieces
 42856 | Shoals:1 | Learned a level 4 spell: Summon Lightning Spire
 42911 | Shoals:1 | Noticed an octopode crusher
 43386 | Shoals:1 | You are sucked into a shaft!
 43627 | Shoals:2 | Found a sacrificial altar of Ru.
 43764 | Shoals:2 | Noticed Polyphemus
 44173 | Shoals:2 | Killed Polyphemus
 44367 | Shoals:2 | Reached skill level 17 in Air Magic
 46406 | Shoals:4 | Entered Level 4 of the Shoals
 47011 | Shoals:1 | Killed an octopode crusher
 47417 | Elf:1    | Entered Level 1 of the Elven Halls
 47553 | Elf:1    | Found a frozen archway.
 47563 | IceCv    | Entered an ice cave
 48411 | IceCv    | Got a warped war axe
 48412 | IceCv    | Identified the +6 war axe of the Unkillable {flame, +Rage +Fly MR- Int-5} (You found it in an ice cave)
 49144 | IceCv    | Noticed an Ice Fiend
 49859 | IceCv    | Killed an Ice Fiend
 50497 | Elf:1    | Reached XP level 17. HP: 56/89 MP: 20/36
 51615 | Shoals:1 | Reached skill level 15 in Conjurations
 52768 | Shoals:4 | Reached skill level 18 in Air Magic
 53444 | Shoals:3 | Reached skill level 15 in Spellcasting
 54020 | Shoals:4 | Found a runed door.
 54027 | Shoals:4 | Noticed Ilsuiw
 54041 | Shoals:4 | Killed Ilsuiw
 55132 | Shoals:4 | Identified the Handbook of Boosts and Shape Shifting
 55767 | Shoals:4 | Reached skill level 5 in Necromancy
 56020 | Shoals:4 | Got a barnacled rune of Zot
 56372 | Shoals:4 | Reached skill level 10 in Dodging
 56598 | Shoals:4 | HP: 2/90 [merfolk/tomahawk (7)]
 56964 | Shoals:4 | Noticed Aizul
 56971 | Shoals:4 | Killed Aizul
 56994 | Shoals:4 | Reached XP level 18. HP: 54/95 MP: 2/38
 57520 | Spider:1 | Entered Level 1 of the Spider Nest
 58695 | Spider:2 | Noticed Jorgrun
 58702 | Spider:2 | Killed Jorgrun
 59296 | Spider:2 | Noticed Azrael
 59304 | Spider:2 | Killed Azrael
 59876 | Spider:2 | Reached skill level 19 in Air Magic
 61520 | Spider:3 | Identified the Compendium of Frigorific Dislocation
 61526 | Spider:3 | Learned a level 4 spell: Force Lance
 63377 | Spider:4 | Entered Level 4 of the Spider Nest
 64392 | Spider:4 | Reached skill level 1 in Summonings
 65225 | Spider:4 | Reached XP level 19. HP: 81/100 MP: 40/40
 65996 | Spider:4 | Got a gossamer rune of Zot
 66723 | D:13     | Found Ovimo's Distillery.
 67357 | D:13     | Reached skill level 20 in Air Magic
 68511 | D:14     | Found a gate to the Vaults.
 69163 | D:14     | Got an encrusted leather armour
 69174 | D:14     | Identified the +3 leather armour "Fomaurus" {rF+ rC+ Regen+} (You found it on level 14 of the Dungeon)
 69260 | Vaults:1 | Entered Level 1 of the Vaults
 69363 | Vaults:1 | Learned a level 5 spell: Iskenderun's Battlesphere
 69474 | Vaults:1 | Reached skill level 5 in Summonings
 70520 | Vaults:1 | Reached skill level 5 in Fighting
 70527 | Vaults:1 | Reached skill level 5 in Short Blades
 71959 | Vaults:2 | Reached skill level 10 in Stealth
 72122 | Vaults:2 | Reached XP level 20. HP: 85/106 MP: 29/42
 72968 | Vaults:2 | Found a staircase to the Crypt.
 73903 | Vaults:3 | Reached skill level 21 in Air Magic
 75614 | Vaults:4 | Found a flickering gateway to a bazaar.
 75628 | Bazaar   | Entered a bazaar
 75642 | Bazaar   | Found Modd's General Store.
 75642 | Bazaar   | Found Ciurhiuw's General Store.
 75663 | Bazaar   | Found Inixonit's Antique Weapon Emporium.
 75663 | Bazaar   | Found Immy's General Store.
 75667 | Bazaar   | Bought a warped rapier for 387 gold pieces
 75667 | Bazaar   | Identified the cursed +2 rapier of Wrongful Imprisonment {freeze, rF+ Stlth+} (You bought it in a shop in a bazaar)
 75669 | Bazaar   | Bought a slimy hand crossbow for 365 gold pieces
 75669 | Bazaar   | Identified the +4 hand crossbow of Houxareon {freeze, rF+ Int+4} (You bought it in a shop in a bazaar)
 75687 | Bazaar   | Found Zaerriss's Magic Scroll Emporium.
 75691 | Bazaar   | Bought a scroll of enchant armour for 97 gold pieces
 75691 | Bazaar   | Bought a scroll of recharging for 123 gold pieces
 75691 | Bazaar   | Bought a scroll of teleportation for 39 gold pieces
 75702 | Bazaar   | Found Luugruy's Weapon Emporium.
 75702 | Bazaar   | Found Gupoygg's Armour Shoppe.
 75783 | Bazaar   | Bought a book of Summonings for 770 gold pieces
 75789 | Bazaar   | Learned a level 5 spell: Shadow Creatures
 75912 | Vaults:4 | Reached skill level 5 in Armour
 77108 | D:15     | Entered Level 15 of the Dungeon
 77518 | D:15     | Found a staircase to the Depths.
 77731 | D:15     | Reached XP level 21. HP: 94/110 MP: 44/44
 77899 | D:15     | Found Aresk's General Store.
 77907 | D:15     | Bought a potion of magic for 152 gold pieces
 78439 | Depths:1 | Entered Level 1 of the Depths
 78591 | Depths:1 | Noticed Nikola
 78684 | Depths:1 | Noticed a caustic shrike
 78684 | Depths:1 | a caustic shrike changed into an iron dragon
 79116 | Depths:1 | Noticed a caustic shrike
 79250 | D:15     | Noticed a shard shrike
 79250 | D:15     | a caustic shrike changed into a shard shrike
 79251 | D:15     | Killed a shard shrike
 79251 | D:15     | Reached skill level 22 in Air Magic
 79468 | Depths:1 | Killed Nikola
 79843 | Depths:1 | Learned a level 9 spell: Tornado
 80690 | Depths:1 | Noticed Saint Roka
 80733 | Depths:1 | Killed Saint Roka
 81035 | Depths:1 | Learned a level 5 spell: Fireball
 81366 | Depths:1 | Found a gateway to Hell.
 81385 | Depths:1 | Learned a level 2 spell: Shroud of Golubria
 81738 | Depths:1 | Found a one-way gate to the infinite horrors of the Abyss.
 81893 | Depths:2 | Paralysed by a great orb of eyes for 7 turns
 81898 | Depths:2 | Noticed a caustic shrike
 81908 | Depths:2 | Killed a caustic shrike
 82019 | Depths:2 | Reached XP level 22. HP: 117/117 MP: 40/45
 83259 | Depths:2 | Upgraded the game from 0.17-a0-1646-geb1493d to 0.17-a0-1648-g0a089d4
 83458 | Depths:2 | Got an ancient hand axe
 83459 | Depths:2 | Identified the +6 hand axe "Cituulisu" {antimagic, rElec MR+} (You found it on level 2 of the Depths)
 84557 | Depths:2 | Reached skill level 1 in Translocations
 85409 | Depths:2 | Reached skill level 23 in Air Magic
 85588 | Depths:2 | Reached skill level 10 in Fire Magic
 86373 | Depths:3 | Mangled by a deep troll

Vault maps used:
D:1:      lightli_arrival_flooded_house, minmay_misc_feat_roman, fountainhead,
          hangedman_decor_peaks_small, serial_bayou_crossing
D:3:      minivault_23, uniq_robin, uniq_iyjb, uniq_crazy_yiuf_cottage
D:4:      grunt_temple_overflow_lords_of_destruction, first_bread, uniq_grinder,
          uniq_edmund, uniq_duvessa
D:5:      minmay_temple_entry_purple_smoke, serial_shops, nicolae_shop_trees,
          nicolae_shop_trees, shop, minmay_joined_circles
D:6:      minitemple, serial_undead, serial_undead_e, serial_undead_c,
          serial_undead_c, serial_undead_d, serial_undead_c, serial_undead_b,
          serial_undead_c, serial_undead_f, serial_undead_b, serial_undead_b
D:7:      xom_butterflies
D:8:      overflow_temple_1_default, serial_shops, shop, grunt_livestock,
          uniq_maurice, uniq_pikel, uniq_erolcha
D:9:      erik_lair_island, minmay_orc_keep, uniq_psyche
D:10:     enter_bailey_2, small_chamber_with_monster
D:11:     basic_altar, hangedman_abyss_or_decor_clamps, uniq_nergalle
D:12:     lemuel_castle_with_subvaults, david_orc_3, lab_entry_generic
D:13:     serial_shops, shop
D:14:     grunt_vaults_entry_fortified, amethyst_killhole
D:15:     gammafunk_enter_depths_forms, serial_shops, shop,
          minmay_misc_feat_hallway, hangedman_glass_teeth,
          minmay_fire_ice_demons
Lair:1:   serial_bayou_pond_e, lemuel_fruit_tree
Lair:2:   grunt_forest_large_clearing_hut
Lair:3:   lemuel_fruit_fields
Lair:4:   uniq_rupert
Lair:5:   minmay_lair_oklob_items, grunt_megastairs_1, serial_bayou_shore_a
Lair:6:   minmay_shoals_entry_beasts, spider_nest_entry_rubble,
          beast_lair_carwin_1
Lair:8:   minmay_lair_end_enchanted_forest, dpeg_slime_entry_enclosed_altar
Shoals:1: nicolae_shoals_island_circles, serial_shops, nicolae_shop_stone,
          hangedman_shoal_octodias
Shoals:2: lemuel_oklob_altar, uniq_polyphemus
Shoals:4: shoals_end_simple, shoal_ilsuiw, nicolae_shoals_square_sea_wall,
          abandoned_shop, lightli_airlock, uniq_aizul
Spider:2: spiders_nest_scorpion_pit, hangedman_spider_tarantella_strand,
          uniq_azrael, uniq_jorgrun
Spider:4: spider_rune_water, spider_trap, nicolae_spider_webs_and_nodes,
          zaba_antful_of_joy
Orc:1:    basic_altar, uniq_snorg
Orc:2:    serial_shops, nicolae_shop_window_shopping, shop
Orc:3:    nicolae_orc_pool_cavern, uniq_josephine
Orc:4:    grunt_orc_tribal_feast, serial_shops, nicolae_shop_waterfront
Elf:1:    minmay_elf_arrival_summoners, portal_ice_cave_entry_pillars_03,
          hangedman_elven_crosses_minicolossus
Vaults:1: nicolae_vaults_halls_meeting, vaults_dpeg_diagonal,
          ontoclasm_vaults_twist, vaults_room_semicircle, vaults_dpeg_cross,
          vaults_room_stairs_pillars, ontoclasm_vaults_claustrophobia
Vaults:2: v_misc_29, ontoclasm_vaults_tryst, v_misc_30,
          minmay_crypt_entry_vampire_xt, st_spiral_rooms, v_misc_12,
          vaults_mumra_chevron_long, nicolae_vaults_ninety_degrees,
          nicolae_vaults_windows_and_doors_thing, v_misc_12,
          nicolae_vaults_diagonal_hallway_8, v_misc_8, v_misc_17,
          ontoclasm_vaults_ligature
Vaults:3: stair_cage_open, vaults_room_pool, v_misc_29, nicolae_vaults_alarming,
          st_more_cells, vaults_room_fours, nicolae_vaults_little_squares_3,
          nicolae_vaults_yaktaur_gun_rack, grunt_vaults_swirl,
          ontoclasm_vaults_loading_screen, vaults_room_door_hall,
          vaults_room_grid, ontoclasm_vaults_loading_screen
Vaults:4: nicolae_vaults_stairing_the_circle, nicolae_vaults_diagonal_hallway_9,
          vaults_dpeg_spiral, grunt_vaults_hallway_short,
          vaults_room_grunt_arrival_checkpoint, nicolae_vaults_rhombus_6,
          ontoclasm_vaults_hangar, v_alt_pattern_2, vaults_room_stairs_pillars,
          v_misc_1, serial_shops, bzr_entry_road
Depths:1: cheibrodos_birdhouse, serial_bayou_lagoon_a, hell_entry, abyss_entry,
          serial_sigils_hangedman_clutch, kennysheep_generic_room_15,
          serial_bayou_shore_b, uniq_nikola, uniq_saint_roka
Depths:2: nicolae_legendary_halls, abyss_entry, pf_hell_entry_great_geh
Depths:3: evilmike_library_of_no_secrets, enter_ziggurat_b, glass_columns_a,
          hell_entry, rand_demon_pan_entry_4, kilobyte_mutagenic_chamber
Lab:      labyrinth_spiral, lab_hedge, labyrinth_skeletal_remains,
          nicolae_lab_do_over
Bazaar:   bazaar_long_row
Bailey:   bailey_axe_4, bailey
IceCv:    ice_cave_caverns_03

Action                   |  1- 3 |  4- 6 |  7- 9 | 10-12 | 13-15 | 16-18 | 19-21 | 22-24 || total
-------------------------+-------+-------+-------+-------+-------+-------+-------+-------++-------
Melee: Unarmed           |     7 |       |       |       |       |       |       |       ||     7
       Short sword       |    10 |     1 |       |       |       |       |       |       ||    11
       Whip              |       |     4 |    13 |       |       |       |       |       ||    17
       Dagger            |       |       |    27 |   211 |  1264 |   512 |   588 |    33 ||  2635
       Staff             |       |       |       |       |       |     2 |       |       ||     2
Throw: Tomahawk          |       |       |       |       |    17 |    16 |       |       ||    33
 Cast: Shock             |    52 |   176 |   297 |   522 |   619 |   258 |   219 |    18 ||  2161
       Repel Missiles    |     1 |       |       |       |     1 |     4 |     7 |     1 ||    14
       Swiftness         |       |     2 |     1 |     4 |    18 |     3 |     5 |     2 ||    35
       Static Discharge  |       |       |    20 |    41 |    25 |       |       |       ||    86
       Mephitic Cloud    |       |       |     2 |    55 |   193 |   220 |    77 |    11 ||   558
       Airstrike         |       |       |       |    74 |   242 |   165 |   272 |    79 ||   832
       Lightning Bolt    |       |       |       |     5 |       |       |       |       ||     5
       Bolt of Draining  |       |       |       |     3 |   109 |   128 |     4 |       ||   244
       Conjure Ball Ligh |       |       |       |     1 |    44 |    95 |    95 |    28 ||   263
       Delayed Fireball  |       |       |       |       |     1 |     4 |     1 |     1 ||     7
       Bolt of Fire      |       |       |       |       |     2 |    22 |       |       ||    24
       Summon Lightning  |       |       |       |       |       |   196 |   110 |    19 ||   325
       Force Lance       |       |       |       |       |       |     8 |    43 |    17 ||    68
       Iskenderun's Batt |       |       |       |       |       |       |   110 |    34 ||   144
       Shadow Creatures  |       |       |       |       |       |       |     3 |       ||     3
       Fireball          |       |       |       |       |       |       |     4 |    19 ||    23
       Shroud of Golubri |       |       |       |       |       |       |     3 |     4 ||     7
 Abil: Fly               |       |       |       |     1 |     2 |       |       |       ||     3
       Release Delayed F |       |       |       |       |       |     4 |     2 |       ||     6
       Stop Flying       |       |       |       |       |       |       |       |     1 ||     1
Evoke: Wand              |       |       |       |    10 |    43 |    21 |     4 |     4 ||    82
       Lamp of fire      |       |       |       |       |       |     2 |       |       ||     2
  Use: Scroll            |     3 |    10 |     7 |    17 |    10 |    14 |     8 |     6 ||    75
       Potion            |       |       |       |     5 |     7 |     9 |     3 |       ||    24
 Stab: Sleeping          |     2 |     2 |     1 |    13 |    25 |    12 |    35 |       ||    90
       Distracted        |       |       |     1 |       |     4 |     6 |     6 |     1 ||    18
       Confused          |       |       |       |    19 |    79 |    46 |    25 |     3 ||   172
       Paralysed         |       |       |       |       |     1 |       |       |       ||     1
  Eat: Chunk             |     4 |     9 |    14 |    28 |    87 |   156 |    58 |    17 ||   373
       Royal jelly       |       |       |     1 |       |       |     1 |       |       ||     2
       Beef jerky        |       |       |       |     4 |     1 |       |       |       ||     5
       Fruit             |       |       |       |       |     9 |       |       |       ||     9
       Pizza             |       |       |       |       |     1 |     1 |       |       ||     2
       Bread ration      |       |       |       |       |       |     1 |       |       ||     1
